 Dungeon Crawl Stone Soup version 0.31-a0-986-g5e6e4ef867 (webtiles) character file.

Game seed: 10987760996060661519

893 Sanktem7 the Chopper (level 7, -3/61 HPs)
             Began as a Minotaur Fighter on Nov 10, 2023.
             Blown up by Pikel (7 damage)
             ... with a mindburst bolt
             ... on level 4 of the Dungeon.
             The game lasted 00:04:30 (2733 turns).

Sanktem7 the Chopper (Minotaur Fighter)             Turns: 2733, Time: 00:04:30

Health: -3/61      AC: 11    Str: 22    XL:     7   Next: 78%
Magic:  6/6        EV:  9    Int:  5    God:
Gold:   288        SH:  5    Dex: 16    Spells: 6/6 levels left

rFire   . . .        a - +0 war axe {axe}
rCold   . . .        c - +0 buckler
rNeg    . . .        b - +0 scale mail
rPois   .            (helmet restricted)
rElec   .            (no cloak)
rCorr   .            (no gloves)
SInv    .            (no boots)
Will    .....        x - amulet of the acrobat Stlth
                     g - +4 ring of protection
HPRegen 0.30/turn    B - +6 ring of dexterity
MPRegen 0.10/turn

%: acrobat
@: no status effects
A: horns 2, retaliatory headbutt
a: no special abilities


You were on level 4 of the Dungeon.
You visited 1 branch of the dungeon, and saw 4 of its levels.

You collected 288 gold pieces.


Innate Abilities, Weirdness & Mutations

You have a pair of horns on your head.
You reflexively headbutt those who attack you in melee.


   Skills:
 + Level 5.5 Fighting
 * Level 6.1 Axes
 + Level 3.2 Throwing
 + Level 5.3 Armour
 + Level 5.3 Shields
 + Level 3.3 Unarmed Combat


You had 6 spell levels left.
You didn't know any spells.
Your spell library contained the following spells:

 Spells                   Type           Power      Damage    Failure   Level
 Apportation              Tloc           0%         N/A       85%         1
 Ensorcelled Hibernation  Hex/Ice        0%         N/A       94%         2
 Jinxbite                 Hex            0%         N/A       94%         2
 Anguish                  Hex/Necr       0%         N/A       100%        4
 Alistair's Intoxication  Tmut/Pois      0%         N/A       100%        5

Inventory:

Hand Weapons
 a - a +0 war axe (weapon) {axe}
Missiles
 i - 22 stones {throwing}
 o - 3 javelins {throwing}
 w - 4 poisoned darts {throwing}
Armour
 b - a +0 scale mail (worn)
 c - a +0 buckler (worn)
 t - a scarf of invisibility
   (You found it on level 3 of the Dungeon)
 y - the +0 leather armour "Lunum" {Int+2}
   (You found it on level 4 of the Dungeon)

   Int+2:     It affects your intelligence (+2).
Magical Staves
 s - a staff of earth {!astaff}
   (You found it on level 3 of the Dungeon)
Jewellery
 g - a +4 ring of protection (left hand)
   (You found it on level 1 of the Dungeon)
 x - an amulet of the acrobat (around neck)
   (You found it on level 3 of the Dungeon)
 B - a +6 ring of dexterity (right hand)
   (You found it on level 4 of the Dungeon)
Wands
 C - a wand of polymorph (15)
   (You took it off Natasha on level 4 of the Dungeon)
Scrolls
 h - 4 scrolls of identify {unknown}
 j - 2 scrolls of noise {unknown}
 m - a scroll of enchant weapon {unknown}
 n - a scroll of fear {unknown}
 p - a scroll of blinking {unknown}
 q - a scroll of silence {unknown}
 u - a scroll of revelation {unknown}
 A - a scroll of enchant armour {unknown}
Potions
 d - 3 potions of might
 e - 2 potions of enlightenment {unknown}
 f - 3 potions of curing {@q1}
 k - 2 potions of attraction {unknown}
 l - 2 potions of haste {unknown}
 r - a potion of heal wounds {unknown}
 v - a potion of cancellation {unknown}
 z - a potion of lignification {unknown}

Dungeon Overview and Level Annotations

Branches:
Dungeon (4/15) Zot: 21189
 Temple: D:4-7

Altars:

Annotations:
D:4 Pikel

#<........# ##......'
#......##.####.....###
##.[[[.##...#......#..
##................'..
##...####........#..
#...# ##.###..#####
#...###..# ##.'...'
#...#...#######...#
####@5#.....'.#......
#..5K5....###.#'#...#
#...5<....#.....#...#
#.........+.....##'##
#.........#.....#...#
#.......#####.#+#...#
####.......'...+.#......
.........###...#####...#
#.###...#.......#.'...'


You could see Pikel and 4 lemures.


Message History

a +0 hand axe {axe}; an orc skeleton You closely miss Natasha.
Your headbutt misses Natasha. Natasha claws you but does no damage.
You barely miss Natasha. Your headbutt misses Natasha.
You block Natasha's attack.
The cerulean imp hits you from afar with a +0 spear. 😕 HP[-1]
You take 1 damage, and now have 60/61 hp.
You slash Natasha!
The cerulean imp hits you from afar with a +0 spear.
Natasha claws you. 😕 HP[-8]
You take 8 damage, and now have 52/61 hp.
You barely miss Natasha.
The cerulean imp hits you but does no damage.
Natasha claws you but does no damage. The cerulean imp completely misses you.
You block Natasha's attack.
You barely miss Natasha. Natasha claws you but does no damage.
The cerulean imp hits you but does no damage. 😕 HP[+1]
You hit Natasha.
You kill Natasha!
You feel Natasha's spirit has finally been put to rest.
The cerulean imp disappears in a puff of smoke!
C - a wand of polymorph (15)
You see here the felid corpse of Natasha. 😕 HP[+1]
There is an open door here.
There is an open door here.
Key pressed, stopping explore.
Things that are here:
a +0 leather armour of poison resistance; a +0 dagger {short} Pikel, Merchant of Souls comes into view.
He is wielding a +1 whip of freezing and carrying a wand of mindburst. 😎 HP[+7]
Your hp is fully restored (61).
Pikel shouts!
A lemure comes into view. x2
A lemure comes into view.
The lemure shouts! x2
You slash Pikel! Pikel hits you but does no damage.
A lemure comes into view.
You barely miss Pikel. Pikel hits you but does no damage.
You hit Pikel but do no damage. Pikel hits you but does no damage.
You slash Pikel! You block Pikel's attack.
You hit Pikel. You closely miss the lemure.
Pikel zaps a wand.
Your mind is blasted!
The lemure barely misses you. You furiously retaliate!
You headbutt the lemure. Pikel misses you. You furiously retaliate!
You headbutt Pikel. The lemure hits you but does no damage.
The lemure barely misses you. You furiously retaliate!
You headbutt the lemure! The lemure hits you. 😮 HP[-19]
You take 19 damage, and now have 42/61 hp.
MASSIVE DAMAGE!! (PAUSE)
You barely miss Pikel. You hit the lemure. You slash the lemure! x2
You block Pikel's attack. The lemure hits you but does no damage.
You block the lemure's attack. The lemure misses you.
You hit Pikel.
You hit the lemure. x2; You hit the lemure but do no damage.
Pikel zaps a wand.
Your mind is blasted!
The lemure hits you but does no damage. You block the lemure's attack.
The lemure hits you. 😮 HP[-6]
You take 6 damage, and now have 36/61 hp.
You hit Pikel. You miss the lemure. You hit the lemure.
You barely miss the lemure. Pikel barely misses you.
The lemure closely misses you. You block the lemure's attack.
The lemure hits you but does no damage.
You slash Pikel!
You hit the lemure. x2; You barely miss the lemure.
You block Pikel's attack. The lemure hits you.
The lemure hits you but does no damage. You block the lemure's attack. 😮 HP[-2]
You take 2 damage, and now have 34/61 hp.
You hit Pikel but do no damage. Your headbutt misses Pikel.
You hit the lemure but do no damage. x3
Pikel hits you with a +1 whip of freezing.
* * * LOW HITPOINT WARNING * * *
Pikel freezes you.
* * * LOW HITPOINT WARNING * * *
You block the lemure's attack. The lemure hits you.
* * * LOW HITPOINT WARNING * * *
You block the lemure's attack. 😨 HP[-10]
You take 10 damage, and now have 24/61 hp.
You hit Pikel but do no damage. You headbutt Pikel! You miss the lemure.
You slash the lemure! x2
Pikel zaps a wand.
Your mind is blasted!
* * * LOW HITPOINT WARNING * * *
The lemure hits you but does no damage. The lemure closely misses you. x2
You furiously retaliate!
You headbutt the lemure! Pikel barely misses you.
The lemure hits you but does no damage. x3 😱 HP[-20]
You take 20 damage, and now have 4/61 hp.
MASSIVE DAMAGE!! (PAUSE)
You closely miss Pikel. You hit the lemure.
You hit the lemure but do no damage. You completely miss the lemure.
Pikel zaps a wand.
Your mind is blasted!
You die...
Pikel says, "See you in Hell!"

Skill      XL: |  1  2  3  4  5  6  7 |
---------------+----------------------+-----
Axes           | 4 5 6 |  6.1
Fighting       | 4 5 |  5.5
Throwing       | 1 2 3 |  3.2
Armour         | 4 5 |  5.3
Shields        | 4 5 |  5.3
Unarmed Combat | 1 2 3 |  3.3

Action                     |  1- 3 |  4- 6 |  7- 9 || total
---------------------------+-------+-------+-------++-------
  Melee: War axe           |    42 |    74 |    61 ||   177
         Headbutt          |     7 |     9 |     9 ||    25
         Unarmed           |       |       |     4 ||     4
    Use: Potion            |       |       |     1 ||     1
 Armour: Scale mail        |    33 |    59 |    60 ||   152
         Skin              |       |       |    11 ||    11
  Dodge: Dodged            |    16 |    36 |    37 ||    89
  Block: Buckler           |    11 |    15 |    24 ||    50

Levels and vault maps discovered:
D:1:      wander_arrival_estate, layout_rooms,
          wander_ebering_terrifying_dragon_lair
D:2:      layout_rooms, dreamdust_ecumenical_altar_sealed_demon, serial_bayou,
          serial_bayou_lagoon_a, serial_bayou_crossing, serial_bayou_pond_d,
          serial_bayou_lagoon_b, uniq_sigmund
D:3:      layout_loops_cross, nrook_uturn, mrwooster_statue_mirror, uniq_jessica
D:4:      nicolae_cairo_tiling_large, layout_rooms, serial_shops,
          nicolae_shop_bloodbath_and_beyond, uniq_pikel, uniq_natasha,
          uniq_menkaure

Notes
Turn   | Place    | Note
-------+----------+-------------------------------------------
     0 | D:1      | Sanktem7 the Minotaur Fighter began the quest for the Orb.
     0 | D:1      | Reached XP level 1. HP: 19/19 MP: 0/0
     0 | D:1      | magus.rc [v1.9.6]
   127 | D:1      | Reached XP level 2. HP: 25/27 MP: 1/1
   593 | D:2      | Noticed Sigmund
   598 | D:2      | Reached skill level 3 in Axes
   604 | D:2      | Killed Sigmund
   605 | D:2      | Reached skill level 4 in Fighting
   605 | D:2      | Reached skill level 4 in Axes
   605 | D:2      | Reached skill level 1 in Throwing
   605 | D:2      | Reached skill level 4 in Armour
   605 | D:2      | Reached skill level 4 in Shields
   605 | D:2      | Reached skill level 1 in Unarmed Combat
   605 | D:2      | Reached XP level 3. HP: 27/34 MP: 2/2
   605 | D:2      | Reached XP level 4. HP: 33/41 MP: 3/3
   605 | D:2      | Reached XP level 5. HP: 37/47 MP: 4/4
   658 | D:2      | You pick up a book of Dreams and begin reading...
   658 | D:2      | You add the spells Jinxbite, Ensorcelled Hibernation and
                  | Anguish to your library.
   773 | D:2      | Reached skill level 2 in Unarmed Combat
   810 | D:2      | Found a faded altar of an unknown god.
  1126 | D:3      | Noticed a black bear
  1141 | D:3      | Killed a black bear
  1142 | D:3      | Reached skill level 2 in Throwing
  1142 | D:3      | Reached XP level 6. HP: 44/53 MP: 5/5
  1241 | D:3      | You pick up a book of Party Tricks and begin reading...
  1241 | D:3      | You add the spells Apportation and Alistair's Intoxication
                  | to your library.
  1606 | D:3      | Noticed Jessica
  1610 | D:3      | Killed Jessica
  1808 | D:4      | Identified the +0 leather armour "Lunum" {Int+2}
  1856 | D:4      | Noticed Natasha
  1864 | D:4      | Killed Natasha
  1957 | D:4      | Noticed Menkaure
  1962 | D:4      | Killed Menkaure
  1963 | D:4      | Reached skill level 5 in Fighting
  1963 | D:4      | Reached skill level 5 in Axes
  1963 | D:4      | Reached XP level 7. HP: 25/61 MP: 6/6
  2103 | D:4      | Reached skill level 5 in Armour
  2111 | D:4      | Reached skill level 5 in Shields
  2111 | D:4      | Reached skill level 3 in Unarmed Combat
  2248 | D:4      | Noticed Natasha
  2259 | D:4      | Killed Natasha
  2409 | D:4      | Reached skill level 3 in Throwing
  2415 | D:4      | Reached skill level 6 in Axes
  2659 | D:4      | Noticed Natasha
  2668 | D:4      | Killed Natasha
  2718 | D:4      | Noticed Pikel
  2732 | D:4      | HP: 4/61 [disintegration (20)]
  2733 | D:4      | Blown up by Pikel

Vanquished Creatures
  Sigmund (D:2)
  Menkaure (D:4)
  A black bear (D:3)
  An orc warrior (D:4)
  An ogre (D:4)
  A hound (D:4)
  2 orc priests (D:4)
  Jessica (D:3)
  Natasha (thrice) (D:4)
  2 orc wizards (D:4)
  4 adders
  A dart slug (D:2)
  5 orcs
  4 ball pythons
  A bat (D:2)
  3 endoplasms
  A giant cockroach (D:2)
  10 goblins
  6 hobgoblins
  3 quokkas
  4 frilled lizards
  5 kobolds
  5 rats
66 creatures vanquished.

Table legend:
 A = Non-vault XP
 B = Vault XP
 C = Vault XP percentage of total XP
 D = Non-vault monster count
 E = Vault monster count
 F = Vault count percentage of total count
                 A         B        C        D         E       F
            +---------+---------+-------+---------+---------+-------
      Total |     796 |     481 |  37.7 |      61 |       5 |   7.6
            +---------+---------+-------+---------+---------+-------
        D:1 |      17 |       1 |   5.6 |      10 |       1 |   9.1
        D:2 |      57 |     239 |  80.7 |      19 |       1 |   5.0
        D:3 |     148 |      37 |  20.0 |       9 |       1 |  10.0
        D:4 |     574 |     204 |  26.2 |      23 |       2 |   8.0
            +---------+---------+-------+---------+---------+-------

Skill      XL: |  1  2  3  4  5  6  7 |
---------------+----------------------+-----
Axes           | 4 5 6 |  6.1
Fighting       | 4 5 |  5.5
Throwing       | 1 2 3 |  3.2
Armour         | 4 5 |  5.3
Shields        | 4 5 |  5.3
Unarmed Combat | 1 2 3 |  3.3

Action                     |  1- 3 |  4- 6 |  7- 9 || total
---------------------------+-------+-------+-------++-------
  Melee: War axe           |    42 |    74 |    61 ||   177
         Headbutt          |     7 |     9 |     9 ||    25
         Unarmed           |       |       |     4 ||     4
    Use: Potion            |       |       |     1 ||     1
 Armour: Scale mail        |    33 |    59 |    60 ||   152
         Skin              |       |       |    11 ||    11
  Dodge: Dodged            |    16 |    36 |    37 ||    89
  Block: Buckler           |    11 |    15 |    24 ||    50

Illustrated notes

Table legend:
 A = Kills in this place as a percentage of kills in the entire game.
 B = Kills by you in this place as a percentage of kills by you in the entire game.
 C = Kills by friends in this place as a percentage of kills by friends in the entire game.
 D = Other kills in this place as a percentage of other kills in the entire game.
 E = Experience gained in this place as a percentage of experience gained in the entire game.
 F = Experience gained in this place divided by the number of levels of this place that you have seen.
                   A       B       C       D       E      F
               +-------+-------+-------+-------+-------+----------------------
         Total | 100.0 | 100.0 |   N/A |   N/A | 100.0 | 319.2
       Dungeon | 100.0 | 100.0 |   N/A |   N/A | 100.0 | 319.2
               +-------+-------+-------+-------+-------+----------------------

Table legend: (Time is in decaauts)
 A = Elapsed time spent in this place.
 B = Non-inter-level travel time spent in this place.
 C = Inter-level travel time spent in this place.
 D = Time resting spent in this place.
 E = Time spent auto-exploring this place.
 F = Levels seen in this place.
 G = Mean time per level.
                   A        B        C        D        E       F      G
               +--------+--------+--------+--------+--------+-----+--------+
         Total |   2809 |   2765 |     44 |    107 |   2167 |   4 |  702.2 |
       Dungeon |   2809 |   2765 |     44 |    107 |   2167 |   4 |  702.2 |
               +--------+--------+--------+--------+--------+-----+--------+

Top non-repeatable levels by time:
     D:4: 835 daAuts
     D:3: 792 daAuts
     D:2: 663 daAuts
     D:1: 517 daAuts
